Map: Overgrowth LE (Void)

Players

Gwenny

  • Race: Zerg Zerg
  • League: Silver
  • Spawn Location: 7:00

Amix - Winner!

  • Race: Terran Terran
  • League: Platinum
  • Spawn Location: 1:00

VOD

Have the link to the VOD?

Description

Time

  • Played on: Dec. 17, 2016, 2:52 a.m.
  • Length: 16:16
Show
View Real Time Build Order
Export as new Build Order

Gwenny Zerg 

Build Orders: Pool First, Muta Ling Bane 

Get SALT Encoding   

  12  0:04  Drone  
  13  0:14  Drone  
  14  0:25  Overlord  
  14  0:38  Spawning Pool  
  14  0:40  Drone  
  14  0:49  Drone x2  
  16  0:52  Drone  
  17  0:58  Extractor  
  16  1:05  Drone  
  17  1:14  Drone  
  18  1:26  Zergling x2  
  18  1:27  Queen  
  21  1:33  Spine Crawler  
  21  1:36  Zergling x2  
  21  1:55  Drone  
  21  1:56  Hatchery  
  21  2:07  Drone  
  21  2:08  Overlord  
  22  2:20  Overlord  
  22  2:24  Lair  
  22  2:33  Zergling x2  
  23  2:39  Drone, Zergling x2  
  23  2:40  Zergling x2  
  26  2:44  Metabolic Boost  
  26  2:49  Zergling x2  
  27  2:56  Zergling x2  
  28  3:06  Zergling x2  
  28  3:11  Drone  
  28  3:12  Drone  
  31  3:13  Zergling x2  
  32  3:21  Spore Crawler  
  31  3:27  Zergling x2  
  31  3:28  Extractor  
  31  3:35  Drone  
  31  3:40  Drone x3  
  35  3:42  Queen  
  37  3:58  Drone x2, Zergling x2  
  40  4:07  Spire, Overlord  
  39  4:11  Drone  
  39  4:13  Drone  
  41  4:25  Drone x2  
  41  4:26  Zergling x4  
  45  4:34  Baneling Nest  
  44  4:39  Zergling x2  
  44  4:40  Zergling x2  
  46  4:47  Drone x3  
  49  4:53  Spine Crawler  
  49  4:56  Spine Crawler  
  47  5:00  Drone  
  47  5:05  Pneumatized Carapace  
  48  5:14  Drone x2  
  49  5:15  Zergling x4  
  52  5:22  Spore Crawler  
  52  5:26  Spore Crawler  
  52  5:27  Mutalisk  
  52  5:35  Overlord x2  
  52  5:43  Baneling x6  
  52  5:44  Baneling x4  
  52  5:45  Baneling  
  52  5:46  Baneling  
  52  5:53  Overlord  
  52  5:55  Drone  
  52  5:56  Drone  
  54  5:58  Drone  
  55  6:07  Centrifical Hooks, Spore Crawler  
  54  6:13  Drone x2  
  54  6:15  Drone  
  54  6:17  Drone  
  58  6:20  Drone  
  58  6:22  Drone  
  60  6:26  Overseer  
  60  6:31  Mutalisk  
  62  6:37  Spore Crawler, Queen  
  63  6:50  Spore Crawler  
  63  6:53  Evolution Chamber  
  63  6:54  Zerg Flyer Weapons Level 1  
  61  6:58  Overlord  
  61  6:59  Zergling x6  
  61  7:00  Zergling x4  
  66  7:03  Overseer  
  66  7:23  Drone x4  
  70  7:31  Extractor  
  69  7:39  Corruptor x2  
  69  7:41  Zergling x2  
  69  7:42  Overlord  
  74  7:56  Drone x5  
  79  8:06  Extractor  
  79  8:08  Spore Crawler  
  79  8:09  Drone  
  78  8:20  Hatchery  
  78  8:25  Drone, Mutalisk x2  
  78  8:26  Corruptor  
  84  8:36  Drone, Spore Crawler  
  84  8:40  Baneling x5  
  84  8:41  Baneling x2  
  84  8:54  Corruptor  
  86  8:57  Zergling x2  
  86  9:02  Corruptor  
  87  9:04  Overlord  
  87  9:05  Overlord  
  89  9:19  Overseer  
  89  9:37  Hatchery  
  88  9:42  Hatchery  
  87  9:46  Corruptor x4  
  87  9:48  Zergling x8  
  87  9:51  Baneling x2  
  87  9:52  Baneling x3  
  99  10:06  Corruptor  
  101  10:07  Zergling x8  
  105  10:16  Extractor  
  105  10:18  Extractor  
  103  10:31  Corruptor x3  
  103  10:32  Zergling x4  
  103  10:35  Baneling x2  
  111  10:44  Zerg Melee Weapons Level 1  
  111  10:46  Extractor  
  111  10:47  Extractor  
  109  10:51  Overlord  
  109  10:52  Zergling x10  
  109  10:56  Baneling x5  
  109  10:57  Baneling  
  114  11:31  Queen  
  117  11:32  Drone  
  117  11:33  Drone x2  
  117  11:37  Drone x3  
  117  11:38  Queen  
  124  11:43  Corruptor x3  
  124  11:45  Zergling x4  
  132  11:48  Baneling x2  
  132  11:49  Baneling x2  
  132  11:51  Baneling x2  
  132  11:54  Baneling x2  
  132  11:55  Baneling x2  
  132  11:56  Baneling x2  
  132  11:57  Baneling  
  132  11:58  Baneling  
  132  12:10  Drone x2  
  132  12:11  Overlord  
  134  12:16  Overlord x3  
  134  12:25  Overlord  
  83  13:07  Zergling x12  
  83  13:08  Zergling x6  
  90  13:16  Zergling x4  
  90  13:17  Zergling x6  
  90  13:23  Zergling x10  
  95  13:29  Overseer  
  95  13:31  Baneling  
  95  13:32  Baneling x7  
  95  13:33  Baneling x8  
  95  13:34  Baneling x2  
  90  13:43  Drone  
  90  13:44  Drone x2  
  88  13:52  Zergling x10  
  93  13:56  Zerg Flyer Armor Level 1  
  93  14:05  Zergling x10  
  93  14:07  Zergling x2  
  99  14:16  Baneling x5  
  99  14:17  Baneling  
  99  14:19  Baneling  
  88  14:38  Baneling x5  
  84  14:39  Baneling x4  
  78  15:16  Hatchery  
  78  15:21  Zergling x4  
  78  15:28  Zergling x4  
  79  15:32  Zergling x2  
  80  15:38  Zergling x2  
  80  15:42  Baneling  
  81  15:43  Baneling  
  81  15:44  Baneling  
Show
View Real Time Build Order
Export as new Build Order

Amix Terran - Winner!

Build Orders: MMM Bio 

Get SALT Encoding   

  12  0:02  SCV  
  13  0:14  Supply Depot  
  13  0:18  SCV  
  14  0:30  SCV  
  15  0:39  Barracks  
  15  0:42  SCV  
  16  0:54  SCV  
  17  1:14  Command Center  
  17  1:18  SCV  
  17  1:24  Refinery  
  18  1:30  SCV  
  19  1:34  Marine  
  19  1:39  Supply Depot  
  21  1:51  Orbital Command  
  20  1:58  Marine  
  21  2:06  Barracks  
  21  2:17  SCV  
  21  2:22  Refinery  
  22  2:25  Barracks Tech Lab  
  22  2:33  SCV  
  22  2:34  Orbital Command  
  23  2:53  Factory  
  23  2:55  SCV  
  24  3:00  Barracks Reactor  
  24  3:05  Concussive Shells  
  24  3:07  SCV x2  
  24  3:10  Marine  
  27  3:26  SCV x2  
  29  3:28  Marine  
  30  3:38  SCV x2  
  32  3:42  Supply Depot  
  32  3:43  Supply Depot  
  32  3:48  Combat Shields  
  32  3:50  Marine x2  
  32  3:53  Widow Mine  
  36  3:57  SCV x2  
  36  4:00  Refinery  
  36  4:02  Refinery  
  38  4:08  Bunker  
  38  4:23  SCV x2  
  40  4:35  SCV x2  
  42  4:45  Supply Depot  
  42  4:47  SCV, Supply Depot  
  42  4:48  SCV  
  42  4:50  Supply Depot  
  44  4:57  Barracks  
  44  4:59  Barracks  
  45  5:00  SCV x2  
  45  5:03  Barracks  
  46  5:09  Marine  
  46  5:10  Marauder  
  46  5:12  SCV x2  
  51  5:24  SCV x2  
  53  5:31  Marauder  
  55  5:36  SCV x2  
  55  5:37  Engineering Bay  
  55  5:41  Engineering Bay  
  57  5:54  Barracks  
  57  5:55  Barracks Reactor  
  57  5:56  Barracks  
  57  5:57  Barracks Reactor  
  57  5:58  Barracks  
  57  5:59  Barracks  
  57  6:02  Marauder, Marine x2  
  57  6:03  Marine  
  62  6:10  Terran Infantry Armor Level 1, Terran Infantry Weapons Level 1  
  62  6:20  Marine x2  
  62  6:21  Marine  
  62  6:23  Marauder  
  67  6:25  Supply Depot  
  67  6:27  Supply Depot  
  67  6:30  Supply Depot  
  67  6:32  Marine x2  
  69  6:34  Marine x2  
  69  6:38  Marine x2  
  73  6:41  Stimpack  
  73  6:50  Marine  
  73  6:51  Marine x5  
  73  6:54  Marine x2  
  80  6:56  Marine x2  
  83  7:03  Supply Depot  
  83  7:06  Supply Depot  
  83  7:08  Marine x2, SCV x2  
  85  7:09  Marine x4  
  91  7:20  SCV x2  
  93  7:24  Missile Turret  
  93  7:27  Missile Turret x2  
  93  7:31  Missile Turret  
  93  7:32  Missile Turret x2  
  93  7:36  Missile Turret  
  93  7:37  Marauder  
  93  7:41  Barracks Tech Lab  
  93  7:42  Barracks Tech Lab  
  95  7:45  Barracks Tech Lab  
  95  7:59  Marauder  
  97  8:08  Command Center, Missile Turret  
  97  8:10  Missile Turret  
  97  8:18  Missile Turret  
  97  8:20  Marauder, Missile Turret  
  97  8:23  Missile Turret  
  97  8:24  Missile Turret  
  97  8:25  Widow Mine  
  97  8:26  Missile Turret  
  101  8:27  Missile Turret  
  101  8:46  Missile Turret  
  101  8:47  Missile Turret  
  101  8:50  Missile Turret  
  101  8:57  Missile Turret  
  101  8:58  Missile Turret  
  101  8:59  Marauder x2, Marine  
  101  9:00  Marine  
  101  9:01  Missile Turret  
  107  9:07  Missile Turret  
  107  9:20  Marauder  
  109  9:26  Missile Turret  
  109  9:29  Marauder  
  111  9:34  Missile Turret  
  111  9:35  Missile Turret  
  111  9:37  Missile Turret  
  111  9:39  Missile Turret  
  111  9:41  Marine, Marauder  
  114  9:50  Marauder  
  116  10:03  Marauder  
  118  10:12  Marauder  
  120  10:24  Marauder  
  122  10:33  Marauder  
  124  10:40  Missile Turret  
  124  10:41  Orbital Command  
  124  10:42  Missile Turret  
  124  10:46  Marauder  
  126  10:54  Barracks  
  126  10:55  Marauder  
  128  10:58  Barracks  
  128  10:59  Barracks x2  
  128  11:04  Widow Mine  
  130  11:12  Supply Depot x2  
  130  11:15  Supply Depot  
  130  11:20  Armory  
  130  11:33  Widow Mine  
  132  11:50  Marine x7  
  132  11:51  Marine x3  
  142  12:01  Widow Mine  
  142  12:08  Marine x10  
  154  12:21  Supply Depot x2  
  154  12:23  Supply Depot  
  154  12:25  Marine  
  154  12:26  Marine x9  
  164  12:43  Marine  
  164  12:44  Marine x9  
  101  13:02  Marine x4  
  105  13:17  Marine x6  
  105  13:19  Marine  
  111  13:20  Marine x3  
  115  13:34  Marine x3  
  115  13:35  Marine x3  
  115  13:37  Marine x2  
  115  13:38  Marauder x2  
  125  13:52  Marine x4  
  125  13:53  Marine x2  
  125  13:55  Marine x2  
  131  13:56  SCV x2  
  131  13:57  SCV  
  131  13:59  Marauder x2  
  140  14:08  SCV  
  140  14:09  SCV x2  
  143  14:10  Marine x5  
  143  14:11  Marine  
  143  14:13  Marine x2  
  151  14:20  SCV  
  151  14:21  Marauder x2, SCV x2  
  146  14:31  Marine x2  
  117  14:42  Marine x2  
  91  14:54  Marine x5  
  91  14:55  Marine x3  
  99  15:00  Marauder x2  
  103  15:12  Marine x7  
  103  15:13  Marine  
  111  15:21  Marauder x2  
  115  15:30  Marine x8  
  125  15:43  Marauder x2  
  125  15:48  Marine x8  
Tags
 
Add a new tag
Caveats
  • Supply blocks, unpowered buildings, or Contaminate may cause inaccurate times.
  • Supply counts are checked every 10 seconds.